 Dungeon Crawl Stone Soup version 0.21.1-1-g345015fe64 (webtiles) character file.

707 Henning the Chopper (level 7, -1/61 HPs)
             Began as a Minotaur Fighter on June 13, 2018.
             Was a Follower of Makhleb.
             Slain by an ogre
             ... wielding a +0 giant club
              (18 damage)
             ... on level 5 of the Dungeon.
             The game lasted 00:09:46 (2606 turns).

Henning the Chopper (Minotaur Fighter)              Turns: 2606, Time: 00:09:46

Health: -1/61      AC:  7    Str: 21    XL:     7   Next: 39%
Magic:  6/6        EV:  9    Int:  5    God:    Makhleb [*.....]
Gold:   203        SH: 10    Dex: 11    Spells: 6/6 levels left

rFire    . . .     SeeInvis .   a - +0 war axe
rCold    . . .     Gourm    .   c - +0 shield
rNeg     . . .     Faith    .   b - +0 scale mail
rPois    .         Spirit   .   (helmet restricted)
rElec    .         Reflect  .   (no cloak)
rCorr    .         Harm     .   (no gloves)
MR       .....                  (no boots)
Stlth    ..........             (no amulet)
HPRegen  0.20/turn              (no ring)
MPRegen  0.10/turn              (no ring)

@: no status effects
A: retaliatory headbutt, horns 2
a: Renounce Religion


You were on level 5 of the Dungeon.
You worshipped Makhleb.
Makhleb was aware of your devotion.
You were not hungry.

You visited 1 branch of the dungeon, and saw 6 of its levels.

You collected 203 gold pieces.

Inventory:

Hand Weapons
 a - a +0 war axe (weapon)
Armour
 b - a +0 scale mail (worn)
 c - a +0 shield (worn)
Jewellery
 l - a +1 ring of evasion {unknown}
 m - an uncursed ring of magical power {unknown}
 n - an uncursed amulet of the gourmand {unknown}
 r - a +4 ring of protection {unknown}
 u - a +4 ring of evasion {unknown}
Wands
 h - a wand of random effects (22)
Scrolls
 e - 6 scrolls of identify {unknown}
 g - a scroll of amnesia {unknown}
 j - a scroll of noise {unknown}
 k - 2 scrolls of fog {unknown}
 o - a scroll of enchant armour {unknown}
 q - a scroll of blinking {unknown}
 t - a scroll of remove curse {unknown}
Potions
 d - a potion of might
 i - a potion of heal wounds {unknown}
 p - a potion of berserk rage {unknown}
 s - a potion of resistance {unknown}
 v - a potion of brilliance {unknown}
Comestibles
 f - 7 rations
 w - a chunk of flesh


   Skills:
 + Level 5.3 Fighting
 + Level 6.1 Axes
 + Level 5.7 Armour
 + Level 2.2 Dodging
 + Level 1.0 Stealth
 + Level 5.5 Shields


You had 6 spell levels left.
You didn't know any spells.

Dungeon Overview and Level Annotations

Branches:
Dungeon (6/15)
 Temple: D:4-7

Altars:
Gozag
Makhleb
Okawaru

Annotations:
D:3 Naru's ghost, amateur TrWz


Innate Abilities, Weirdness & Mutations

You reflexively headbutt those who attack you in melee.
You have a pair of horns on your head.


Message History

The ogre hits you with a giant club.
You hit the ogre.
The ogre is lightly wounded.
You barely miss the ogre.
The ogre is lightly wounded.
The ogre hits you with a giant club!!
You hit the ogre but do no damage.
The ogre is lightly wounded.
The ogre hits you with a giant club. The ogre barely misses you.
You furiously retaliate!
You headbutt the ogre.
You can't go down here!
You hit the ogre.
The ogre is moderately wounded.
The ogre hits you with a giant club!!
* * * LOW HITPOINT WARNING * * *
A centaur zombie comes into view.
The centaur zombie moves out of view.
There is a stone staircase leading up, spattered with blood here.
The ogre hits you with a giant club!!
You die...

########## #....##...
#....##...
#########....##...
#..>..............
#######.#.#####....##)).
........#O# #....###.#
......#@#.### ###### #.#
......#.O.Z.# #.)
........#.#.# ##.
......#.#.#... #..
......#.#.# ... #..
..... #.#.# Z.... #..
#... #.#.# .... #.. #.#
....# .... #.. .. .# #..


You could see an ogre and a centaur zombie.

Vanquished Creatures
  Edmund (D:5)
  A water moccasin (D:5)
  An ice beast (D:5)
  An ogre (D:4)
  A crimson imp (D:5)
  A hound (D:4)
  An orc wizard (D:4)
  A bullfrog skeleton (D:4)
  Ijyb (D:5)
  A worker ant (D:4)
  A killer bee zombie (D:3)
  A hound zombie (D:2)
  6 adders
  2 worms
  4 dart slugs (D:1)
  2 leopard geckos (D:2)
  7 orcs
  6 bats
  2 giant cockroaches (D:3)
  3 goblins
  6 hobgoblins
  4 jackals (D:3)
  5 kobolds
  3 frilled lizards
  A quokka skeleton (D:5)
  2 rats (D:3)
65 creatures vanquished.

Notes
Turn   | Place    | Note
-------+----------+-------------------------------------------
     0 | D:1      | Henning the Minotaur Fighter began the quest for the Orb.
     0 | D:1      | Reached XP level 1. HP: 19/19 MP: 0/0
   108 | D:2      | Reached XP level 2. HP: 22/27 MP: 1/1
   297 | D:2      | Reached XP level 3. HP: 33/33 MP: 2/2
   653 | D:2      | Found a burning altar of Makhleb.
   678 | D:2      | Became a worshipper of Makhleb the Destroyer
  1027 | D:1      | Reached skill level 3 in Axes
  1027 | D:1      | Reached XP level 4. HP: 41/41 MP: 3/3
  1529 | D:3      | Reached * piety under Makhleb
  1567 | D:3      | Found an opulent altar of Gozag.
  1736 | D:3      | Found an iron altar of Okawaru.
  1803 | D:3      | Reached XP level 5. HP: 47/47 MP: 4/4
  1892 | D:3      | Noticed Naru's ghost (amateur TrWz)
  1932 | D:4      | Noticed an ogre
  1939 | D:4      | Killed an ogre
  1939 | D:4      | Reached skill level 4 in Axes
  1939 | D:4      | Reached skill level 5 in Armour
  2027 | D:4      | Reached XP level 6. HP: 54/55 MP: 5/5
  2113 | D:4      | Reached skill level 5 in Shields
  2148 | D:4      | Reached skill level 5 in Axes
  2196 | D:5      | Entered Level 5 of the Dungeon
  2216 | D:5      | Noticed an ice beast
  2227 | D:5      | Killed an ice beast
  2227 | D:5      | Reached skill level 5 in Fighting
  2227 | D:5      | Reached skill level 1 in Dodging
  2423 | D:5      | Noticed Edmund
  2423 | D:5      | Noticed Ijyb
  2439 | D:5      | Killed Ijyb
  2439 | D:5      | Reached skill level 1 in Stealth
  2449 | D:5      | Killed Edmund
  2449 | D:5      | Reached XP level 7. HP: 61/61 MP: 6/6
  2543 | D:5      | Reached skill level 6 in Axes
  2606 | D:5      | Slain by an ogre

Skill      XL: |  1  2  3  4  5  6  7 |
---------------+----------------------+-----
Armour         | 4 5 |  5.7
Shields        | 4 5 |  5.5
Fighting       | 4 5 |  5.3
Axes           | 3 4 5 6 |  6.1
Dodging        | 1 2 |  2.2
Stealth        | 1 |  1.0

Action                   |  1- 3 |  4- 6 |  7- 9 || total
-------------------------+-------+-------+-------++-------
Melee: War axe           |    54 |   127 |    18 ||   199
       Headbutt          |    13 |    20 |     3 ||    36
  Eat: Chunk             |       |     5 |     1 ||     6
Armor: Scale mail        |    21 |    67 |     4 ||    92
Dodge: Dodged            |     9 |    31 |     4 ||    44
Block: Shield            |    26 |    78 |     9 ||   113
